 Dungeon Crawl Stone Soup version 0.23-a0-650-ga4d50d4 (console) character file.

29 Duffy the Firebug (level 3, 4/24 HPs)
             Began as a Demonspawn Fire Elementalist on Jan 4, 2019.
             Quit the game on level 1 of the Dungeon.
             The game lasted 00:01:12 (1233 turns).

Duffy the Firebug (Demonspawn Fire Elementalist)    Turns: 1233, Time: 00:01:12

Health: 4/24       AC:  4    Str:  8    XL:     3   Next: 1%
Magic:  0/6        EV: 17    Int: 17    God:
Gold:   33         SH:  0    Dex: 18    Spells: 5/6 levels left

rFire    . . .     SeeInvis .   f - +0 whip
rCold    . . .     Gourm    .   (no shield)
rNeg     . . .     Faith    .   a - +0 robe
rPois    .         Spirit   .   (no helmet)
rElec    .         Reflect  .   i - +0 cloak
rCorr    .         Harm     .   (no gloves)
MR       .....                  (no boots)
Stlth    +++.......             (no amulet)
HPRegen  0.08/turn              (no ring)
MPRegen  0.10/turn              (no ring)

@: agile, lethally poisoned (4 -> -1), very slightly contaminated
A: rugged brown scales 1
a: no special abilities


You were on level 1 of the Dungeon.
You were not hungry.

You visited 1 branch of the dungeon, and saw 3 of its levels.

You collected 33 gold pieces.

Inventory:

Hand Weapons
 f - a +0 whip (weapon)
Armour
 a - a +0 robe (worn)
 i - a +0 cloak (worn)
Scrolls
 b - a scroll of fear {unknown}
 e - 2 scrolls of remove curse {unknown}
 h - a scroll of identify {unknown}
Comestibles
 c - 3 rations


   Skills:
 - Level 1.7 Dodging
 - Level 1.7 Stealth
 + Level 2.4 Spellcasting
 + Level 1.9 Conjurations
 + Level 3.1 Fire Magic


You had 5 spell levels left.
You knew the following spells:

 Your Spells              Type           Power        Failure   Level  Hunger
h - Flame Tongue          Conj/Fire      ##...        7%          1    #......

Your spell library contained the following spells:

 Spells                   Type           Power        Failure   Level  Hunger
 Throw Flame              Conj/Fire      ##....       10%         2    ##.....
 Conjure Flame            Conj/Fire      ##......     21%         3    ###....
 Inner Flame              Hex/Fire       #.......     28%         3    ###....
 Sticky Flame             Conj/Fire      ##......     54%         4    #####..
 Fireball                 Conj/Fire      ##........   88%         5    ######.


Dungeon Overview and Level Annotations

Branches:
Dungeon (3/15)

Altars:

Annotations:
D:2 Sigmund


Innate Abilities, Weirdness & Mutations

You are partially covered in rugged brown scales. (AC +1, +3% HP)


Message History

The adder poisons you!
You closely miss the adder.
The adder is severely wounded.
You feel sick. The adder bites you. x2
You closely miss the adder.
The adder is heavily wounded.
The adder bites you but does no damage.
You barely miss the adder.
The adder is heavily wounded.
You feel sick. The adder bites you. The adder bites you but does no damage.
It was a potion of agility.
You feel agile all of a sudden. The adder misses you.
You miss the adder.
The adder is heavily wounded.
The adder bites you. The adder completely misses you.
You closely miss the adder.
The adder is heavily wounded.
The adder barely misses you.
Are you sure you want to abandon this character and quit the game? (Confirm

#.##...## ###########.#.....##
#..................#
#.#####.##.........#######
#####.#####.#................#
#........##.##...............#
#.##...#.##..........#.####..#
#.##...#.######.######.# ##.^#
#.##...#.# #@# #.# #...#
#.###.##.# ##S## #.# #..##
#.###.##.# ##>..## #.# #..#
#........# ##.....## #.###..#
#####.######.......###......#
##...####.........####...######
#.......'.........+............
###...####.........####...######
#.....# ##.......## ##..#


You could see an adder.

Vanquished Creatures
  An adder (D:1)
  A leopard gecko (D:1)
  3 bats (D:1)
  A giant cockroach (D:2)
  4 hobgoblins
  3 kobolds
  A frilled lizard (D:2)
  4 rats (D:1)
18 creatures vanquished.

Notes
Turn   | Place    | Note
-------+----------+-------------------------------------------
     0 | D:1      | Duffy the Demonspawn Fire Elementalist began the quest for
                  | the Orb.
     0 | D:1      | Reached XP level 1. HP: 13/13 MP: 3/3
   434 | D:1      | Gained mutation: You are partially covered in rugged brown
                  | scales. (AC +1, +3% HP) [demonic ancestry]
   434 | D:1      | Reached XP level 2. HP: 13/19 MP: 3/5
   640 | D:1      | Reached skill level 3 in Fire Magic
  1086 | D:2      | Noticed Sigmund
  1216 | D:2      | Reached XP level 3. HP: 24/24 MP: 4/6
  1233 | D:1      | Quit the game

Vault maps used:
D:1:      eino_arrival_water_cross
D:2:      first_ration, grunt_qazlal_clouds, uniq_robin, uniq_sigmund
D:3:      chequers_ecumenical_altar_twisty

Skill      XL: |  1  2 |
---------------+-------+-----
Fire Magic     | 3 |  3.1
Dodging        | |  1.7
Stealth        | |  1.7
Spellcasting   | |  2.4
Conjurations   | |  1.9

Action                   || total
-------------------------++-------
Melee: Whip              ||     6
 Cast: Flame Tongue      ||    31
  Use: Potion            ||     1
  Eat: Chunk             ||     1
Armor: Robe              ||     9
Dodge: Dodged            ||    18

Table legend:
 A = Non-vault XP
 B = Vault XP
 C = Vault XP percentage of total XP
 D = Non-vault monster count
 E = Vault monster count
 F = Vault count percentage of total count
                 A         B        C        D         E       F
            +---------+---------+-------+---------+---------+-------
      Total |      42 |       0 |   0.0 |      18 |       0 |   0.0
            +---------+---------+-------+---------+---------+-------
        D:1 |      35 |       0 |   0.0 |      14 |       0 |   0.0
        D:2 |       7 |       0 |   0.0 |       4 |       0 |   0.0
            +---------+---------+-------+---------+---------+-------
